 Dungeon Crawl Stone Soup version 0.20.0-7-g3b7b877 (console) character file.

268 Gottschkopf the Magician (level 6, -1/32 HPs)
             Began as a Deep Elf Fire Elementalist on May 29, 2017.
             Slain by a water moccasin (2 damage)
             ... on level 4 of the Dungeon.
             The game lasted 00:10:58 (3700 turns).

Gottschkopf the Magician (DEFE)                     Turns: 3700, Time: 00:10:59

Health: -1/32      AC:  2    Str:  5    XL:     6   Next: 1%
Magic:  10/18      EV: 13    Int: 22    God:
Gold:   155        SH:  0    Dex: 15    Spells: 4/19 levels left

rFire    . . .     SeeInvis .   v - +4 dagger (venom)
rCold    . . .     Gourm    .   (no shield)
rNeg     . . .     Faith    .   a - +0 robe
rPois    .         Spirit   .   (no helmet)
rElec    .         Reflect  .   (no cloak)
rCorr    .         Harm     .   (no gloves)
MR       +....                  (no boots)
Stlth    ++........             (no amulet)
Regen    0.1/turn               x - ring of protection from magic
MPRegen  0.2/turn               (no ring)

@: very slightly contaminated
A: no striking features
a: no special abilities


You were on level 4 of the Dungeon.
You were not hungry.

You visited 1 branch of the dungeon, and saw 4 of its levels.

You collected 155 gold pieces.

Inventory:

Hand Weapons
 v - a +4 dagger of venom (weapon)
Armour
 a - a +0 robe (worn)
Jewellery
 x - a ring of protection from magic (left hand)
Wands
 u - a wand of iceblast (6/15)
Scrolls
 d - 2 scrolls of immolation {unknown}
 f - 2 scrolls of teleportation {unknown}
 g - 4 scrolls of identify {unknown}
 h - 2 scrolls of remove curse {unknown}
 j - 2 scrolls of blinking {unknown}
 l - a scroll of noise {unknown}
 w - a scroll of fog {unknown}
Potions
 e - 2 potions of mutation {unknown}
 i - a potion of ambrosia {unknown}
 k - a potion of invisibility {unknown}
 m - 4 potions of heal wounds {unknown}
 n - a potion of brilliance {unknown}
 q - a potion of resistance {unknown}
 r - 3 potions of cancellation {unknown}
 z - a potion of agility {unknown}
Books
 b - a book of Flames

   Spells                             Type                      Level
   a - Flame Tongue                   Conjuration/Fire             1
   b - Throw Flame                    Conjuration/Fire             2
   c - Conjure Flame                  Conjuration/Fire             3
   d - Inner Flame                    Hexes/Fire                   3
   e - Sticky Flame                   Conjuration/Fire             4
   f - Fireball                       Conjuration/Fire             5
Comestibles
 c - a bread ration
 o - 2 fruits
 p - a royal jelly
 t - a meat ration


   Skills:
 - Level 2.4 Dodging
 - Level 2.4 Stealth
 - Level 7.4 Spellcasting
 * Level 2.7 Conjurations
 + Level 3.8 Fire Magic


You had 4 spell levels left.
You knew the following spells:

 Your Spells              Type           Power        Failure   Level  Hunger
a - Flame Tongue          Conj/Fire      ###..        1%          1    None
b - Throw Flame           Conj/Fire      ###...       3%          2    None
c - Conjure Flame         Conj/Fire      ###.....     6%          3    None
d - Sticky Flame          Conj/Fire      ###.....     21%         4    ###....
e - Fireball              Conj/Fire      ###.......   50%         5    #####..


Dungeon Overview and Level Annotations

Branches:
Dungeon (4/15)
 Temple: D:4-7

Altars:
Dithmenos
Elyvilon
Trog
Vehumet
Zin
The Shining One

Shops:
D:4 *


Message History

Confirm with . or Enter, or press ? or * to list all spells.
Aiming: Flame Tongue
Press: ? - help, Shift-Dir - straight line, f/p - water moccasin
Aim: a water moccasin (heavily wounded)
The flame tongue misses the water moccasin.
The flame tongue hits the water moccasin.
The water moccasin is moderately wounded.
The water moccasin bites you.
* * * LOW HITPOINT WARNING * * *
Casting: Flame Tongue
Confirm with . or Enter, or press ? or * to list all spells.
Aiming: Flame Tongue
Press: ? - help, Shift-Dir - straight line, f/p - water moccasin
Aim: a water moccasin (heavily wounded)
The flame tongue hits the water moccasin.
The water moccasin appears unharmed.
The water moccasin is heavily wounded.
The water moccasin barely misses you. x2
You open the door. The water moccasin bites you.
You die...

#.# ######### # #.#
#########........
#.#######.#
#......##.#####..
.........###......##.#####.#
...>......'......'.........
##.##..########.##.##....#
#.....####...####.##....#
#.###.##.'.∩.'.##.#.....#
#.# #.##@# #.##.#....##
#.###.##S#####.##.# #####
#.........SS†..+... ....)
#.###.#####S...##.# #####
#<....# ###### #.... #......
#.... #......+ #.[..
##.....# #.... ......+ #####


You could see a water moccasin.

Vanquished Creatures
  A shadow (D:2)
  2 orc wizards (D:3)
  An iguana (D:4)
  Jessica (D:3)
  Ijyb (D:3)
  Terence (D:3)
  5 adders
  An ooze (D:2)
  A worm (D:3)
  7 orcs
  10 bats
  5 giant cockroaches
  4 goblins
  3 hobgoblins
  4 kobolds
  A quokka (D:3)
  3 ball pythons
  4 frilled lizards (D:1)
  8 rats
63 creatures vanquished.

Vanquished Creatures (others)
  4 toadstools (D:1)
4 creatures vanquished.

Grand Total: 67 creatures vanquished

Notes
Turn   | Place    | Note
-------+----------+-------------------------------------------
     0 | D:1      | Gottschkopf the Deep Elf Fire Elementalist began the quest for the Orb.
     0 | D:1      | Reached XP level 1. HP: 10/10 MP: 6/6
   286 | D:1      | Reached XP level 2. HP: 15/15 MP: 6/8
   324 | D:1      | Reached skill level 4 in Spellcasting
   838 | D:2      | Found a glowing silver altar of Zin.
   942 | D:2      | Reached XP level 3. HP: 19/19 MP: 8/11
   997 | D:2      | Found a radiant altar of Vehumet.
  1034 | D:2      | Reached skill level 5 in Spellcasting
  1038 | D:2      | Learned a level 2 spell: Throw Flame
  1042 | D:2      | Learned a level 3 spell: Conjure Flame
  1111 | D:2      | Found a faded altar of an unknown god.
  1123 | D:2      | Became a worshipper of Elyvilon the Healer
  1123 | D:2      | Reached * piety under Elyvilon
  1124 | D:2      | Fell from the grace of Elyvilon
  1626 | D:3      | Noticed Terence
  1635 | D:3      | Killed Terence
  1747 | D:3      | Reached XP level 4. HP: 23/24 MP: 5/13
  1751 | D:3      | Reached skill level 6 in Spellcasting
  1873 | D:3      | Found a shadowy altar of Dithmenos.
  1894 | D:3      | Noticed Ijyb
  1905 | D:3      | Killed Ijyb
  2099 | D:3      | Reached skill level 7 in Spellcasting
  2164 | D:3      | Reached XP level 5. HP: 27/28 MP: 13/16
  2481 | D:3      | Learned a level 4 spell: Sticky Flame
  2487 | D:3      | Learned a level 5 spell: Fireball
  2802 | D:3      | Became a worshipper of Dithmenos the Shadowed
  2803 | D:3      | Fell from the grace of Dithmenos
  2822 | D:3      | Noticed Jessica
  2832 | D:3      | Killed Jessica
  3032 | D:3      | Noticed a shadow
  3032 | D:3      | Noticed a shadow demon
  3032 | D:3      | Noticed a shadow
  3041 | D:2      | Killed a shadow
  3379 | D:4      | Found a bloodstained altar of Trog.
  3379 | D:4      | Found a glowing golden altar of the Shining One.
  3405 | D:4      | Reached XP level 6. HP: 16/32 MP: 11/18
  3684 | D:4      | Found Zumo's Serpentskin Sales.
  3685 | D:4      | Noticed a water moccasin
  3686 | D:4      | Noticed a water moccasin
  3696 | D:4      | HP: 1/32 [water moccasin (3)]
  3700 | D:4      | Slain by a water moccasin

Skill      XL: |  1  2  3  4  5 |
---------------+----------------+-----
Spellcasting   | 4 5 7 |  7.4
Conjurations   | 2 |  2.7
Dodging        | |  2.4
Stealth        | |  2.4
Fire Magic     | |  3.8

Action                   |  1- 3 |  4- 6 || total
-------------------------+-------+-------++-------
 Cast: Flame Tongue      |    56 |    78 ||   134
       Conjure Flame     |     1 |     1 ||     2
       Throw Flame       |       |     2 ||     2
Invok: Renounce Religion |     1 |     1 ||     2
  Eat: Chunk             |     2 |     6 ||     8
Armor: Robe              |     8 |     1 ||     9
Dodge: Dodged            |    19 |    26 ||    45
